AoeStats
← TPE-床上小旋風

Arena

509517036Analyzed
3v3 RM · 5d ago on Sep 27, 2026· 42m 7s· 6 players
Game mode
Random Map
Map size
Normal (6 player)
Population
200
Speed
Normal
Resources
Standard
Victory
Conquest
Starting age
Dark Age
Ending age
Imperial Age
RankedLock teamsTeams togetherTeam positionsShared explorationLock speedFull tech treeHidden civsTurbo modeCheats
Victory
Defeat
🇧🇷 Teutons · Brazil
1422
+12
🇧🇷 Persians · Brazil
1401
+13
🇧🇷 Khitans · Brazil
1328
+17
🇺🇸 Hindustanis · United States
1357
-15
🇨🇦 Dravidians · Canada
1351
-14
🇷🇺 Persians · Russia
1313
-13
GermanIvk052008
7:40 Loom
9:36 Feudal Age
13:46 Castle Age
28:57 Double-Bit Axe
36:40 Pikeman
38:44 Squires
ForseenCow
10:42 Feudal Age
12:27 Loom
14:45 Castle Age
12:40 Double-Bit Axe
13:27 Horse Collar
13:54 Loom
15:40 Loom
17:23 Light Cavalry
22:20 Bow Saw
22:56 Wheelbarrow
23:21 Gold Mining
24:04 Town Watch
24:35 Hand Cart
26:05 Town Patrol
29:27 Imperial Age
27:00 Scale Mail Armor
27:10 Forging
28:50 Heavy Plow
29:34 Scale Barding Armor
29:39 Forging
31:37 Bloodlines
31:27 Husbandry
30:49 Heavy Camel Rider
32:29 Chain Barding Armor
32:45 Iron Casting
33:36 Two-Man Saw
32:03 Hussar
36:41 Chemistry
38:02 Plate Barding Armor
38:27 Blast Furnace
39:20 Imperial Camel Rider
TPE-床上小旋風
4:55 Loom
10:52 Feudal Age
14:53 Castle Age
13:24 Double-Bit Axe
13:21 Horse Collar
21:18 Scale Barding Armor
22:02 Gold Mining
22:58 Husbandry
23:15 Bloodlines
25:19 Wheelbarrow
26:56 Forging
27:06 Chain Barding Armor
27:35 Fletching
28:06 Bow Saw
29:21 Stone Mining
29:57 Husbandry
31:08 Iron Casting
32:22 Gold Shaft Mining
32:55 Hand Cart
33:19 Town Watch
33:23 Crossbowman
34:00 Bodkin Arrow
34:48 Thumb Ring
38:01 Imperial Age
37:28 Stone Shaft Mining
36:57 Padded Archer Armor
37:45 Heavy Camel Rider
37:45 Cavalier
39:29 Kamandaran
39:50 Conscription
39:57 Kamandaran
39:24 Savar
40:36 Heavy Plow
41:53 Chemistry
41:13 Ballistics
41:06 Heavy Camel Rider
TmZ_ piccoLo sayajiN-*
8:33 Loom
12:09 Feudal Age
12:58 Double-Bit Axe
14:37 Forging
15:23 Wheelbarrow
17:59 Town Watch
17:56 Domestication
23:13 Castle Age
22:03 Scale Barding Armor
24:21 Husbandry
24:04 Light Cavalry
24:49 Pastoralism
25:52 Chain Barding Armor
26:18 Bow Saw
29:40 Hand Cart
32:13 Iron Casting
35:55 Gold Mining
35:55 Stone Mining
37:24 Town Patrol
38:53 Fletching
39:03 Padded Archer Armor
41:38 Imperial Age
38:49 Heavy Cavalry Archer
39:36 Thumb Ring
39:29 Treadmill Crane
41:28 Ballistics
41:17 Bodkin Arrow
41:38 Leather Archer Armor
42:45 Bracer
TmZ_Mosquito Sedutor
10:11 Feudal Age
8:28 Loom
13:13 Town Watch
15:23 Fletching
18:42 Double-Bit Axe
21:51 Horse Collar
28:01 Castle Age
26:02 Stone Mining
27:43 Wheelbarrow
28:48 Bodkin Arrow
29:19 Bow Saw
29:18 Heavy Plow
29:13 Gold Mining
40:39 Imperial Age
38:44 Wheelbarrow
39:01 Scale Mail Armor
39:12 Forging
39:49 Stone Shaft Mining
39:39 Fortified Wall
40:01 Bloodlines
40:04 Scale Barding Armor
40:09 Forging
41:09 Chain Mail Armor
41:42 Conscription
42:27 Iron Casting
TmZ_Allien
10:20 Feudal Age
14:12 Castle Age
12:40 Double-Bit Axe
14:36 Loom
16:02 Town Watch
16:56 Horse Collar
30:05 Imperial Age
29:15 Forging
29:06 Scale Mail Armor
29:11 Scale Barding Armor
29:23 Bloodlines
29:13 Husbandry
28:43 Pikeman
29:23 Squires
29:42 Cavalier
31:30 Chain Barding Armor
31:45 Iron Casting
32:38 Iron Casting
34:39 Wheelbarrow
33:41 Savar
35:08 Heavy Camel Rider
38:19 Hand Cart
38:45 Scale Mail Armor
39:44 Chain Mail Armor
40:29 Blast Furnace
39:07 Halberdier
41:04 Plate Mail Armor
41:34 Blast Furnace
42:24 Blast Furnace
Connection lost

Rejoining the realm…

Still unreachable

The connection could not be restored.

Session expired

The server has moved on; the page needs a fresh start.